[Event "*** Titled Tuesday Blitz"]
[Site "Chess.com"]
[Date "2020.02.04"]
[Round "2"]
[White "RojonR"]
[Black "saraswathii"]
[Result "0-1"]
[WhiteElo "2438"]
[BlackElo "2172"]
[TimeControl "180+2"]
[EndTime "9:27:08 PST"]
[Termination "saraswathii won by resignation"]

1. e4 c5 2. Nf3 e6 3. g3 d5 4. exd5 exd5 5. d4 Nf6 6. Bg2 Be6 7. O-O Nc6 8. Re1 Be7 9. dxc5 O-O 10. Nc3 Bxc5 11.
Bg5 h6 12. Bxf6 Qxf6 13. Nxd5 Qxb2 14. Rb1 Qxa2 15. Nc7 Rad8 16. Qc1 b6 17. Nd2 Nb4 18. Be4 Bh3 19. Ra1 Qxa1 20. Qxa1 Rxd2 21. Rd1 Rfd8 22. Nd5 Rxd1+ 23. Qxd1 Be6 24. Nf6+ gxf6 25. Qxd8+ Kg7 26. c3 Na2 27. Qd2 a5 28. Bc6 Ba3 29. Kg2 Bc4 30. Qd4 b5 31. Qg4+ Kf8 32. Qc8+ Kg7 33. Qg4+ Kf8 34. Qf4 Nxc3 35. Qxf6 b4 36. Qxh6+ Ke7 37.
Bf3 Bb5 38. Qg5+ f6 39. Qg7+ Ke6 40. Bg4+ Ke5 41. f4+ Kd5 42. Qf7+ Kc5 43. Qe7+ Kc4 44. Be6+ Kd3 45. Qxf6 Bc6+ 46. Kh3 Be4 47. Qd8+ Kc2 48. Qxa5 Bd3 49. f5 Ne4 50. Qc7+ Kb1 51. Qf4 Bc1 52.
Qb8 Ng5+ 53. Kh4 Bd2 54. f6 Nxe6 55. f7 Bg5+ 56. Kg4 Bd2 57. f8=Q Nxf8 58. Qxf8 b3 59.
Qd6 Kc2 60. Qc5+ Bc3 61. Qf2+ Kb1 62. Qe3 Kc2 63. Qf2+ Bd2 64. Qc5+ Kd1 65. Qd4 Be2+ 66.
Kh3 Kc2 67. Qc5+ Bc3 68. Qf2 Kd2 69. Qf4+ Kd1 70. Qd6+ Kc2 71. Qe6 Bf1+ 72. Kh4 b2 73. Qf5+ Bd3 74. Qf2+ Bd2 75. Qc5+ Kd1 76. Qb6 b1=Q 77.
Qxb1+ Bxb1 78. g4 Bf4 79. h3 Bg6 80. g5 Bf5 81. Kh5 Bxh3 82. g6 Be6 83. g7 Bg8 84.
Kg6 Be5 85. Kh6 Ke2 86. Kg6 Kd3 0-1

[Event "*** Titled Tuesday Blitz"]
[Site "Chess.com"]
[Date "2020.02.04"]
[Round "2"]
[White "MITerryble"]
[Black "Snegokhod"]
[Result "1-0"]
[WhiteElo "2936"]
[BlackElo "2623"]
[TimeControl "180+2"]
[EndTime "9:27:36 PST"]
[Termination "MITerryble won by resignation"]

1. e4 c5 2. Nf3 d6 3. Bb5+ Bd7 4.
Bxd7+ Qxd7 5. O-O Nc6 6. c3 Nf6 7. d4 e5 8. dxe5 dxe5 9. Qe2 Be7 10. Bg5 O-O 11. Bxf6 Bxf6 12. Na3 a6 13. Nc4 Qe6 14.
Nb6 Rad8 15. Nd5 Ne7 16. Ne3 b5 17. a4 c4 18. axb5 axb5 19. Rfd1 h6 20. h4 g6 21. g3 Bg7 22. Rxd8 Rxd8 23. Rd1 Rd7 24. Rd2 f5 25. exf5 gxf5 26. Rxd7 Qxd7 27. Nc2 Qd3 28. Kf1 e4 29. Nfd4 f4 30. gxf4 Nd5 31. Nxb5 Nxf4 32.
Qxd3 Nxd3 33. Nd6 Nxb2 34. Nxe4 Na4 35. Ne3 Nxc3 36. Nxc3 Bxc3 37. Nxc4 Kf7 38. Kg2 Kg6 39. Ne3 Kh5 40. Kh3 Bd4 41. Kg3 Be5+ 42. Kh3 Bd4 43. Nd5 Kg6 44. Kg3 Kf5 45. Ne3+ Ke4 46. Ng2 Be5+ 47.
Kg4 Bd4 48. f4 Bf6 49. h5 Bc3 50. Nh4 Bd2 51. Ng6 Bc1 52. f5 Bg5 53. Nf8 Ke5 54. Ne6 Bc1 55. Nc5 Kf6 56. Ne4+ Ke5 57. Nf2 Kf6 58. Nd3 Bd2 59. Nc5 Bc1 60. Nd7+ Ke7 61.
Ne5 Kf6 62. Nf3 Be3 63. Ne1 Bd2 64. Nd3 Be3 65. Nb2 Bc1 66. Nc4 Bg5 67. Nb6 Bc1 68. Nd5+ Ke5 69. Nc3 Kf6 70. Ne2 Be3 71. Ng3 Ke5 72.
Kf3 Bg5 73. Kg4 Bc1 74. Nf1 Kf6 75. Nh2 Bd2 76. Nf3 Bc3 77. Nh4 Bd2 78. Ng6 Bc1 79. Nf4 Bd2 80. Nd3 Be3 81. Kf3 Bd2 82. Ke4 Kg5 83. Ke5 Kxh5 84. Ke6 Bg5 85. Ne5 Bh4 86.
Ng6 Bg5 87. Ne5 Bh4 88. Nd7 Bg5 89. Nf6+ Kh4 90. Ne4 Bd8 91. Kd7 Kg4 92. Nd6 Bg5 93. Ke6 h5 94. Nf7 Bh4 95. Ne5+ Kf4 96. Ng6+ Kg5 97.
Nxh4 Kxh4 98. f6 Kg3 99. f7 h4 100. f8=Q h3 101. Qf1 Kh2 102. Kf5 Kg3 103. Qg1+ 1-0

[Event "*** Titled Tuesday Blitz"]
[Site "Chess.com"]
[Date "2020.02.04"]
[Round "2"]
[White "M1711"]
[Black "inegrepus"]
[Result "1-0"]
[WhiteElo "2520"]
[BlackElo "2250"]
[TimeControl "180+2"]
[EndTime "9:27:38 PST"]
[Termination "M1711 won by resignation"]

1. d4 Nf6 2. Bf4 d5 3. e3 e6 4. Nf3 Bd6 5. Bg3 O-O 6. Nbd2 b6 7. c3 Ba6 8. Bxa6 Nxa6 9. O-O Bxg3 10. hxg3 c5 11. Qe2 Nc7 12. e4 cxd4 13. Nxd4 dxe4 14. Nxe4 Nxe4 15. Qxe4 Qd5 16. Qh4 Qd8 17. Qg4 Nd5 18. Rad1 Nf6 19. Qh4 Nd5 20. Qg4 Nf6 21. Qf3 Qd5 22.
Qxd5 Nxd5 23. Rd2 Rac8 24. Rfd1 g6 25. Kf1 Kg7 26. Ke2 Rc5 27. Nb3 Rc7 28. Rd4 Rfc8 29. R1d2 Rc4 30. Kf3 h5 31. a4 a5 32.
Na1 R8c7 33. Nc2 R4c6 34. Na3 Rc5 35. Nb5 Rc8 36. Nd6 R8c6 37. Nb5 Rc8 38. Rd1 R8c6 39. Ke2 Rc8 40. g4 hxg4 41. Rxg4 Rc4 42. Rgd4 R4c5 43. Nd6 R8c6 44. Nb5 Rc8 45. g3 R8c6 46. Na7 Rc7 47.
Nb5 R7c6 48. Kf3 Rc8 49. Kg2 R8c6 50. R4d2 Rc8 51. Kh3 R8c6 52. Rd4 Rc4 53. R1d2 R4c5 54. Re4 Rc4 55. Rdd4 R4c5 56. Kg2 Rc8 57. Kh2 Rh8+ 58. Kg1 Rhc8 59. Re1 R8c6 60. Red1 Rc8 61. Nd6 R8c6 62.
Nb5 Rc8 63. Kf1 R8c6 64. Ra1 Rc8 65. Ke2 R8c6 66. Kd3 Rc8 67. Rh4 R8c6 68. Rah1 Nf6 69. Nd4 Rc8 70. Re1 Nd5 71. Reh1 Nf6 72. f3 R8c7 73.
Re1 Rc8 74. g4 Nd5 75. g5 R8c7 76. Reh1 Kf8 77. Rh8+ Ke7 78. Rb8 e5 79. Nb5 Rd7 80.
Kc2 Ne3+ 81. Kb3 Nc4 82. Rhh8 Nd2+ 83. Kc2 Ke6 84. Rh3 Kf5 85. Rxb6 Kxg5 86. Ra6 Kf5 87.
Rxa5 Rc8 88. Ra6 f6 89. Nd6+ Kf4 90. Nxc8 Nxf3 91. Rxf6+ Kg4 92. Rfxf3 Rd2+ 1-0

[Event "*** Titled Tuesday Blitz"]
[Site "Chess.com"]
[Date "2020.02.04"]
[Round "2"]
[White "WPWPWP-2015"]
[Black "hongnhung1234"]
[Result "1-0"]
[WhiteElo "2550"]
[BlackElo "2270"]
[TimeControl "180+2"]
[EndTime "9:28:21 PST"]
[Termination "WPWPWP-2015 won by checkmate"]

1. d4 Nf6 2. c4 e6 3. Nf3 b6 4. g3 Bb7 5. Bg2 Be7 6. O-O O-O 7. Nc3 Ne4 8. Qc2 Nxc3 9. Qxc3 f5 10. b3 d6 11. Bb2 Nd7 12. Rae1 Bf6 13. Qc1 Qe7 14. d5 Bxb2 15. Qxb2 e5 16. e4 Nc5 17. exf5 Nd3 18.
Qc2 Nxe1 19. Rxe1 Rae8 20. Nd4 exd4 21. Rxe7 Rxe7 22. Be4 Rfe8 23. f3 Bc8 24. g4 Re5 25.
Qd3 Kf7 26. Kf2 Bd7 27. h4 h6 28. h5 a5 29. Qxd4 Rg8 30. Qd2 Ree8 31. Qf4 Rgf8 32.
a4 Kg8 33. Ke3 Rf7 34. Kd4 Rf6 35. Qc1 Kf8 36. Bd3 Kg8 37. Be4 Rf7 38. Qf4 Kf8 39. Qh2 Ke7 40. Qh4+ Kf8 41. Bd3 Kg8 42. f4 Bc8 43. Qg3 Bd7 44. Qg2 Re1 45. Qf2 Ree7 46.
Qh4 Re8 47. Qh3 Rff8 48. Qf1 Kh8 49. Qf3 Re7 50. Qd1 Rd8 51. Bc2 Rf8 52. Qd3 Kg8 53. Bb1 Re1 54. Bc2 Re7 55. f6 gxf6 56. Qg6+ Rg7 57. Qxh6 Bxg4 58. Bg6 Re7 59. f5 Bf3 60. Kd3 Be4+ 61. Kc3 Rc8 62. Qf4 Rf8 63. b4 axb4+ 64.
Kxb4 Kg7 65. h6+ Kh8 66. h7 Kg7 67. Qg4 Kh8 68. Kb5 Bd3 69. Qh3 Be2 70. Qh6 Rb8 71. Qh4 Rf8 72. Kb4 Bf3 73. Qf4 Be2 74. Qh6 Rb8 75.
Qh4 Rf8 76. Qg3 Re4 77. Kc3 Rxc4+ 78. Kd2 Rd4+ 79. Kxe2 Rxd5 80. Qh4 Re5+ 81. Kf3 d5 82. Qb4 c5 83. Qxb6 d4 84. Qd6 Kg7 85. Qc7+ Kh8 86.
Qd6 Kg7 87. Qd7+ Kh8 88. a5 Re3+ 89. Kf2 Re5 90. Qd6 Kg7 91. a6 Kh6 92. Qxf8+ Kg5 93. h8=Q Rxf5+ 94. Bxf5 Kxf5 95. Qxc5+ Ke4 96. Qh7+ f5 97.
Qhxf5# 1-0

[Event "*** Titled Tuesday Blitz"]
[Site "Chess.com"]
[Date "2020.02.04"]
[Round "2"]
[White "vinniethepooh"]
[Black "vovachesss"]
[Result "1/2-1/2"]
[WhiteElo "2796"]
[BlackElo "2581"]
[TimeControl "180+2"]
[EndTime "9:28:37 PST"]
[Termination "Game drawn by repetition"]

1. d4 Nf6 2. c4 c5 3. d5 b5 4. cxb5 a6 5. bxa6 Bxa6 6. Nc3 g6 7. e4 Bxf1 8. Kxf1 d6 9. g3 Bg7 10. Kg2 O-O 11. Nf3 Na6 12. Qe2 Qa5 13. a4 Rfb8 14. Ra3 Rb4 15. e5 Ng4 16. exd6 exd6 17. Bf4 Qb6 18. Nb5 Rxb2 19. Nd2 Ne5 20. Bxe5 Bxe5 21. Nc4 Rxe2 22. Nxb6 Re8 23. Nc4 Rc2 24. Nxe5 Rxe5 25.
Rd1 Rf5 26. Rf3 Rxf3 27. Kxf3 Ra2 28. Nxd6 Rxa4 29. Nb7 Ra3+ 30. Kf4 Rb3 31. d6 Rxb7 32. d7 Rxd7 33. Rxd7 Kg7 34. Ke5 Nb4 35. Ke4 c4 36. Rc7 Nd3 37. Rxc4 Nxf2+ 38. Ke3 Nh3 39. Rc5 h6 40. Kf3 Ng5+ 41. Kg2 Ne6 42. Ra5 h5 43. Ra6 Nd4 44. Rb6 Nf5 45. Kf2 Nd4 46. Rb7 Nf5 47.
Ra7 Nd4 48. Ke3 Ne6 49. h3 Ng5 50. h4 Ne6 51. Ra5 Nd8 52. Kf3 Nc6 53. Rd5 Ne7 54. Rc5 Nf5 55. Kf4 Nd4 56. Ra5 Kf6 57. Ra6+ Kg7 58.
g4 Ne6+ 59. Kg3 hxg4 60. Kxg4 Nc5 61. Rc6 Ne4 62. Kf3 Nf6 63. Ra6 Nh5 64. Kg4 Nf6+ 65. Kf4 Nh5+ 66. Kg5 f6+ 67. Kg4 Kh6 68. Ra8 f5+ 69.
Kf3 Kg7 70. Ra7+ Kf6 71. Rh7 Ng7 72. Rh8 Ne6 73. Ra8 Nd4+ 74. Kf4 Ne6+ 75. Kg3 Ke5 76. Ra6 Kf6 77. Rb6 Ke5 78. Kf3 Kf6 79. Ke3 Ke5 80.
Rb5+ Kf6 81. Ra5 Ng7 82. Kf4 Ne6+ 83. Ke3 Ng7 84. Ra6+ Ne6 85. Kd3 Ke5 86. Ra5+ Kf4 87. Ke2 Kg4 88. Ra6 Nf4+ 89. Kf2 Kxh4 90. Kf3 Kg5 91.
Ra4 Nd3 92. Ra5 Nb4 93. Rb5 Nc6 94. Rc5 Nd4+ 95. Ke3 Ne6 96. Rc6 Kf6 97. Kf3 g5 98.
Kg3 Ke5 99. Ra6 g4 100. Ra5+ Kf6 101. Ra6 Ke5 102. Ra5+ Ke4 103. Ra8 Kd5 104. Ra5+ Ke4 105.
Ra8 Ke5 106. Ra5+ 1/2-1/2

[Event "*** Titled Tuesday Blitz"]
[Site "Chess.com"]
[Date "2020.02.04"]
[Round "2"]
[White "Rap_woyska"]
[Black "Parhamov"]
[Result "1-0"]
[WhiteElo "2405"]
[BlackElo "2997"]
[TimeControl "180+2"]
[EndTime "9:29:14 PST"]
[Termination "Rap_woyska won by checkmate"]

1. c4 e6 2. Nf3 d5 3. e3 Nf6 4.
b3 Be7 5. Bb2 O-O 6. Nc3 a5 7.
Be2 b6 8. O-O Ba6 9. d4 Nbd7 10. Rc1 c6 11. cxd5 Bxe2 12. Nxe2 cxd5 13. Nf4 Ne4 14. Nd3 Rc8 15. Qe2 Bd6 16. Nfe5 Bxe5 17. Nxe5 Nxe5 18. dxe5 Qd7 19. Bd4 b5 20. f3 Ng5 21. h4 f6 22. hxg5 fxg5 23. Qd2 b4 24.
Rxc8 Rxc8 25. Rc1 Rf8 26. Bc5 Ra8 27. Bd6 Qe8 28. Rc7 g4 29. Qd4 gxf3 30. gxf3 h5 31. Kh2 a4 32. Qxb4 axb3 33. Qxb3 Qg6 34. Rc2 Qf5 35.
Rg2 Kh7 36. Qb7 Rg8 37. f4 Qe4 38. Qe7 Qxe3 39. Qg5 g6 40. Qf6 d4 41. Bb4 d3 42.
Bd2 Qe4 43. Qxe6 Rf8 44. Qe7+ Kg8 45. Qg5 Kg7 46. a4 h4 47. Qe7+ Rf7 48. Qxh4 Qxa4 49.
e6 Rf5 50. Bc3+ Kf8 51. Qd8+ Qe8 52. Qxe8+ Kxe8 53. Be5 g5 54. Kg3 Ke7 55. Kg4 Kxe6 56. Ra2 gxf4 57. Bxf4 Rc5 58. Rd2 Rc3 59. Kf3 Kd5 60. Ke3 Kc4 61. Be5 Rc1 62. Bb2 Re1+ 63. Kf3 Re8 64. Rd1 Re2 65. Bf6 Re8 66. Bg5 Kc3 67. Rc1+ Kb2 68. Rc7 Re1 69. Be3 Kb3 70. Rd7 Kc2 71. Rc7+ Kb3 72. Rd7 Kc2 73. Rd6 Rh1 74.
Rc6+ Kb3 75. Ke4 Rd1 76. Rb6+ Kc2 77. Rc6+ Kb3 78. Rd6 Kc2 79. Rd8 d2 80. Rc8+ Kb3 81. Kd3 Rc1 82. Rb8+ Ka4 83. Bxd2 Rc8 84. Rb4+ Ka3 85.
Bc3 Rg8 86. Rh4 Kb3 87. Rb4+ Ka3 88. Rb7 Rc8 89. Kc2 Rc4 90. Ra7+ Ra4 91. Rh7 Rg4 92.
Rh1 Ka4 93. Rh5 Ka3 94. Ra5+ Ra4 95. Rb5 Rg4 96. Rb1 Ka4 97. Rb8 Rh4 98. Bd2 Rc4+ 99. Kd3 Rc5 100. Bc3 Rb5 101. Ra8+ Kb3 102. Ra1 Rd5+ 103. Bd4 Kb4 104. Rb1+ Ka5 105. Kc4 Rg5 106. Ra1# 1-0

[Event "*** Titled Tuesday Blitz"]
[Site "Chess.com"]
[Date "2020.02.04"]
[Round "3"]
[White "hongnhung1234"]
[Black "dabee"]
[Result "1-0"]
[WhiteElo "2284"]
[BlackElo "2576"]
[TimeControl "180+2"]
[EndTime "9:32:38 PST"]
[Termination "hongnhung1234 won by checkmate"]

1. d4 d5 2. c4 c6 3. Nf3 e6 4.
g3 Nf6 5. Bg2 Nbd7 6. O-O b6 7.
cxd5 cxd5 8. Nc3 Bb7 9. Bf4 a6 10. Rc1 Be7 11. Qd3 O-O 12. Na4 Rc8 13. Rxc8 Qxc8 14.
Rc1 Qa8 15. Rc7 Rc8 16. Nxb6 Nxb6 17. Rxe7 Nbd7 18. Ng5 h6 19. Nxf7 Kf8 20. Qg6 Kxe7 21. Bd6+ Ke8 22. Ng5+ Kd8 23. Nxe6# 1-0

[Event "*** Titled Tuesday Blitz"]
[Site "Chess.com"]
[Date "2020.02.04"]
[Round "3"]
[White "BocharovD"]
[Black "Quiet_Desperation"]
[Result "1-0"]
[WhiteElo "2746"]
[BlackElo "2440"]
[TimeControl "180+2"]
[EndTime "9:32:57 PST"]
[Termination "BocharovD won by resignation"]

1. Nf3 Nf6 2. c4 e6 3. b3 b6 4. g3 Bb7 5. Bg2 Be7 6. O-O O-O 7. Bb2 d6 8. d4 Nbd7 9. Nc3 Re8 10. Qc2 e5 11.
Rfc1 Bf8 12. Rd1 e4 13. Ne5 Nxe5 14. dxe5 Rxe5 15. Nd5 e3 16. Bxe5 exf2+ 17. Kf1 dxe5 18. Nxf6+ 1-0

[Event "*** Titled Tuesday Blitz"]
[Site "Chess.com"]
[Date "2020.02.04"]
[Round "3"]
[White "ShimanovAlex"]
[Black "Majkelopulos"]
[Result "1-0"]
[WhiteElo "2759"]
[BlackElo "2465"]
[TimeControl "180+2"]
[EndTime "9:33:04 PST"]
[Termination "ShimanovAlex won by resignation"]

1. d4 Nf6 2. Bg5 c5 3. d5 Qb6 4. Nc3 Qxb2 5. Bd2 Qb6 6. e4 e5 7.
f4 d6 8. Rb1 Qc7 9. f5 a6 10. a4 Be7 11. g4 h6 12. h4 Nbd7 13. Qf3 c4 14. g5 hxg5 15. hxg5 Rxh1 16. Qxh1 Ng8 17. Qh8 Kf8 18. Nf3 Nc5 19. f6 gxf6 20. g6 fxg6 21. Bh6+ Ke8 22. Qxg8+ Kd7 23. Bh3+ f5 24.
exf5 Qa5 25. Bd2 gxf5 26. Bxf5+ Kc7 27. Nb5+ axb5 28. Bxa5+ Rxa5 29. Qxc8+ Kb6 30. Rxb5+ Rxb5 31. axb5 1-0

[Event "*** Titled Tuesday Blitz"]
[Site "Chess.com"]
[Date "2020.02.04"]
[Round "3"]
[White "WeAintSurePal"]
[Black "Irishchessman16"]
[Result "1-0"]
[WhiteElo "2426"]
[BlackElo "2230"]
[TimeControl "180+2"]
[EndTime "9:33:07 PST"]
[Termination "WeAintSurePal won by resignation"]

1. d4 Nf6 2. Nc3 d5 3. Bf4 e6 4.
e3 c5 5. Nf3 c4 6. a3 Nc6 7.
Be2 Qa5 8. O-O b5 9. a4 b4 10. Nb5 Kd7 11. Ne5+ Nxe5 12. dxe5 a6 13. Nd4 Ne4 14.
f3 Nc5 15. e4 Bb7 16. exd5 exd5 17. Bxc4 Qc7 18. e6+ 1-0

[Event "*** Titled Tuesday Blitz"]
[Site "Chess.com"]
[Date "2020.02.04"]
[Round "3"]
[White "Elshan1985"]
[Black "MusicCityMaster"]
[Result "1-0"]
[WhiteElo "2692"]
[BlackElo "2424"]
[TimeControl "180+2"]
[EndTime "9:33:34 PST"]
[Termination "Elshan1985 won by resignation"]

1. c4 e5 2. Nc3 Nc6 3. Nf3 f5 4. d4 e4 5. d5 exf3 6. dxc6 bxc6 7. exf3 Nf6 8. Bd3 Bb4 9. O-O O-O 10. Bxf5 Bxc3 11.
bxc3 d5 12. Bxc8 Rxc8 13. cxd5 cxd5 14. Re1 Kh8 15. Ba3 c5 16. Qa4 Nh5 17. Rad1 Nf4 18. Bc1 Ng6 19. Qxa7 Nh4 20. Qe7 Re8 21. Qxd8 Rcxd8 22. Bg5 1-0

[Event "*** Titled Tuesday Blitz"]
[Site "Chess.com"]
[Date "2020.02.04"]
[Round "3"]
[White "FedaMaster"]
[Black "isla88"]
[Result "0-1"]
[WhiteElo "2592"]
[BlackElo "2325"]
[TimeControl "180+2"]
[EndTime "9:33:45 PST"]
[Termination "isla88 won by resignation"]

1. e4 c5 2. Nf3 Nc6 3. d4 cxd4 4. Nxd4 e5 5. Nb5 d6 6. c4 Be7 7. N1c3 a6 8. Na3 f5 9. exf5 Bxf5 10. Bd3 Be6 11. Nc2 Nf6 12. b3 O-O 13. Bb2 d5 14.
cxd5 Nxd5 15. Nxd5 Bxd5 16. O-O Bc5 17. Ne3 Bxe3 18. fxe3 Qg5 19. Qe2 Bxg2 20. Bc4+ Bd5+ 0-1

[Event "*** Titled Tuesday Blitz"]
[Site "Chess.com"]
[Date "2020.02.04"]
[Round "3"]
[White "AntonSmirnov"]
[Black "Ginzburg_Yakov"]
[Result "1-0"]
[WhiteElo "2912"]
[BlackElo "2523"]
[TimeControl "180+2"]
[EndTime "9:33:56 PST"]
[Termination "AntonSmirnov won by resignation"]

1. e4 c5 2. Nf3 e6 3. d4 cxd4 4.
Nxd4 Nc6 5. Nb5 d6 6. c4 Nf6 7. N1c3 a6 8. Na3 Be7 9. Be2 O-O 10. O-O b6 11. Be3 Ne5 12. Rc1 Bb7 13. f3 d5 14. cxd5 exd5 15. f4 Ng6 16. e5 Ne4 17. Nxe4 Bxa3 18. bxa3 dxe4 19. Qb3 b5 20. Rfd1 Qh4 21.
g3 Qh3 22. Rc7 Rab8 23. Rdd7 Rbd8 24. Rxd8 1-0

[Event "*** Titled Tuesday Blitz"]
[Site "Chess.com"]
[Date "2020.02.04"]
[Round "3"]
[White "mortngabriel"]
[Black "FelixJoseYnojosa"]
[Result "0-1"]
[WhiteElo "2406"]
[BlackElo "2666"]
[TimeControl "180+2"]
[EndTime "9:34:18 PST"]
[Termination "FelixJoseYnojosa won by resignation"]

1. e4 c5 2. Nf3 Nc6 3. d4 cxd4 4. Nxd4 e5 5. Nb5 d6 6. c3 Nf6 7. Bg5 Be7 8. Bxf6 gxf6 9. Bd3 a6 10. N5a3 d5 11. exd5 Qxd5 12. Bf1 Qc5 13. Nd2 Be6 14. Ne4 Qb6 15. Nd6+ Bxd6 16. Qxd6 Rd8 17. Nc4 Bxc4 18.
Qxf6 Qxb2 19. Bxc4 Qxa1+ 20. Ke2 Qb2+ 0-1

[Event "*** Titled Tuesday Blitz"]
[Site "Chess.com"]
[Date "2020.02.04"]
[Round "3"]
[White "vlad_Sid"]
[Black "MishkaFighter"]
[Result "1-0"]
[WhiteElo "2696"]
[BlackElo "2424"]
[TimeControl "180+2"]
[EndTime "9:34:38 PST"]
[Termination "vlad_Sid won by resignation"]

1. c4 g6 2. g3 Bg7 3. Bg2 c5 4. Nc3 Nc6 5. Nf3 e6 6. d4 cxd4 7. Nb5 d5 8. cxd5 Qa5+ 9. Nd2 Qxb5 10. dxc6 Ne7 11. a4 Qa6 12. b4 bxc6 13. b5 Qa5 14.
Ba3 Rb8 15. O-O cxb5 16. axb5 Qd8 17. Qa4 O-O 18. Qxa7 Bd7 19. b6 Re8 20. Bd6 Nc6 21. Bxc6 Bxc6 22. Bxb8 Qxb8 23. Qxb8 Rxb8 24. Rab1 Bd5 25.
Rfc1 Bf8 26. Nc4 Bc5 27. b7 d3 28. exd3 Rxb7 29. Rxb7 Bxb7 30. Na5 Ba3 31. Ra1 Bb2 32. Rb1 Bc3 33. Nxb7 1-0

[Event "*** Titled Tuesday Blitz"]
[Site "Chess.com"]
[Date "2020.02.04"]
[Round "3"]
[White "VALPARAISO37"]
[Black "Andro2"]
[Result "0-1"]
[WhiteElo "2226"]
[BlackElo "2420"]
[TimeControl "180+2"]
[EndTime "9:34:40 PST"]
[Termination "Andro2 won by checkmate"]

1. d4 Nf6 2. c4 c5 3. d5 e5 4.
Nc3 d6 5. e4 Nbd7 6. Bd3 Be7 7.
Nge2 a6 8. a4 O-O 9. h3 Ne8 10. O-O g6 11. Bh6 Ng7 12. Qd2 Kh8 13.
g4 Nf6 14. f3 Ng8 15. Be3 f5 16. Kh2 Nf6 17. Rg1 Bd7 18. Bh6 fxg4 19. hxg4 Ng8 20.
Be3 Rxf3 21. Raf1 Rxf1 22. Rxf1 Bxg4 23. Ng3 Qd7 24. Rf7 Rf8 25. Qf2 Rxf7 26. Qxf7 Qe8 27. Qf2 Bd7 28. b3 Nf6 29. Kg2 Bc8 30. Qd2 Qd7 31.
Bf2 Qh3+ 32. Kg1 Ng4 33. Nf1 Nh5 34. Be2 Nf4 35. Bf3 Qxf3 36. Bg3 Nh3# 0-1

[Event "*** Titled Tuesday Blitz"]
[Site "Chess.com"]
[Date "2020.02.04"]
[Round "3"]
[White "Firouzja2003"]
[Black "EugeneRougon"]
[Result "1-0"]
[WhiteElo "3167"]
[BlackElo "2741"]
[TimeControl "180+2"]
[EndTime "9:34:42 PST"]
[Termination "Firouzja2003 won by resignation"]

1. e4 e6 2. d4 d5 3. Nc3 Bb4 4.
Ne2 dxe4 5. a3 Be7 6. Nxe4 Nf6 7. N2g3 O-O 8. c3 Nc6 9. Bd3 e5 10. Nxf6+ Bxf6 11. d5 Ne7 12. c4 Ng6 13. O-O a5 14. Qh5 Be7 15. Nf5 Bc5 16. Be3 Bxe3 17. fxe3 Re8 18. Be4 Ra6 19. Rf3 h6 20. Raf1 Qg5 21. Qxg5 hxg5 22. Nxg7 Kxg7 23. Rxf7+ Kh6 24. Rxc7 g4 25.
c5 Rd8 26. d6 Kg5 27. Rg7 1-0

[Event "*** Titled Tuesday Blitz"]
[Site "Chess.com"]
[Date "2020.02.04"]
[Round "3"]
[White "gena217"]
[Black "Alexander_Donchenko"]
[Result "1-0"]
[WhiteElo "3008"]
[BlackElo "2728"]
[TimeControl "180+2"]
[EndTime "9:34:42 PST"]
[Termination "gena217 won by resignation"]

1. e4 c6 2. d4 d5 3. Nc3 dxe4 4. Nxe4 Nf6 5. Nxf6+ exf6 6. c3 Bd6 7. Bd3 O-O 8. Qc2 Re8+ 9. Ne2 h5 10. O-O Nd7 11.
Ng3 Qc7 12. Nxh5 Bxh2+ 13. Kh1 Bd6 14. Bh6 gxh6 15. Bc4 Re6 16. Bxe6 fxe6 17. Qg6+ Kf8 18. Rae1 Nb6 19. Qxh6+ Ke8 20. Qh8+ Bf8 21. Nxf6+ Kf7 22. Qh7+ Bg7 23. Qxg7+ Kxg7 24. Ne8+ Kf7 25. Nxc7 Bd7 26.
Nxa8 1-0

[Event "*** Titled Tuesday Blitz"]
[Site "Chess.com"]
[Date "2020.02.04"]
[Round "3"]
[White "Manukyan_Artak"]
[Black "Zq1"]
[Result "0-1"]
[WhiteElo "2333"]
[BlackElo "2544"]
[TimeControl "180+2"]
[EndTime "9:34:46 PST"]
[Termination "Zq1 won by resignation"]

1. e4 c5 2. Nf3 d6 3. Bb5+ Bd7 4. Bxd7+ Qxd7 5. c4 Nc6 6. Nc3 Nf6 7. d4 cxd4 8. Nxd4 e6 9. Be3 Be7 10. O-O O-O 11.
Rc1 Rfd8 12. f3 b6 13. b3 Rac8 14. Qe2 Nxd4 15. Bxd4 Qb7 16. Rfd1 a6 17. a4 h6 18.
Qf2 Nd7 19. Qg3 Bf8 20. Rb1 Ne5 21. Bxe5 dxe5 22. Qxe5 Be7 23. Qg3 Bb4 24. Ne2 b5 25. cxb5 axb5 26. Nf4 bxa4 27. bxa4 Qa7+ 28. Kh1 Qxa4 29.
Rxd8+ Rxd8 30. h4 Rd1+ 31. Rxd1 Qxd1+ 32. Kh2 Bd6 33. Qg4 Qd2 34. Kg3 g6 0-1

[Event "*** Titled Tuesday Blitz"]
[Site "Chess.com"]
[Date "2020.02.04"]
[Round "3"]
[White "GMHellers"]
[Black "masrahi"]
[Result "1-0"]
[WhiteElo "2380"]
[BlackElo "2096"]
[TimeControl "180+2"]
[EndTime "9:34:52 PST"]
[Termination "GMHellers won by resignation"]

1. e4 c6 2. d4 d5 3. Nc3 dxe4 4.
Nxe4 Bf5 5. Ng3 Bg6 6. h4 h6 7. Nf3 Nd7 8. h5 Bxc2 9. Qxc2 Nb6 10. Bd2 e6 11. O-O-O Rc8 12. Kb1 c5 13. Bb5+ Nd7 14.
Ne5 Nf6 15. Nxd7 Nxd7 16. dxc5 Rxc5 17. Qa4 a6 18. Bxd7+ Qxd7 19. Qxd7+ Kxd7 20. Bxh6+ Rd5 21. Rxd5+ exd5 22. Be3 Ke6 23. Ne2 Bd6 24. Nf4+ Kf5 25. Nxd5 g6 26. h6 Rh7 27. f3 f6 28. Rd1 Be5 29. g4+ Ke6 30. f4 Bd6 31. Nxf6 Bxf4 32.
Nxh7 1-0

[Event "*** Titled Tuesday Blitz"]
[Site "Chess.com"]
[Date "2020.02.04"]
[Round "3"]
[White "superfast64"]
[Black "HouseOfDurin"]
[Result "1-0"]
[WhiteElo "2350"]
[BlackElo "2064"]
[TimeControl "180+2"]
[EndTime "9:34:53 PST"]
[Termination "superfast64 won by checkmate"]

1. e4 c5 2. Nf3 Nc6 3. d4 cxd4 4.
Nxd4 e5 5. Nb5 d6 6. Bg5 Nf6 7. N1c3 a6 8. Bxf6 gxf6 9. Na3 b5 10. Nd5 f5 11. exf5 Bxf5 12. c3 Be7 13. Nc2 O-O 14.
Nce3 Be6 15. g4 f5 16. gxf5 Bxf5 17. Rg1+ Bg6 18. Bd3 Bh4 19. Bxg6 Bxf2+ 20. Ke2 Bxg1 21. Qxg1 hxg6 22. Qxg6+ Kh8 23. Qh6+ Kg8 24. Rg1+ Kf7 25. Qg6# 1-0

[Event "*** Titled Tuesday Blitz"]
[Site "Chess.com"]
[Date "2020.02.04"]
[Round "3"]
[White "MisiekZielony"]
[Black "Rud_Makarian"]
[Result "0-1"]
[WhiteElo "2341"]
[BlackElo "2607"]
[TimeControl "180+2"]
[EndTime "9:34:54 PST"]
[Termination "Rud_Makarian won by resignation"]

1. c4 Nf6 2. Nc3 g6 3. Nf3 Bg7 4.
g3 c5 5. Bg2 Nc6 6. d4 cxd4 7.
Nxd4 h5 8. h3 Nxd4 9. Qxd4 d6 10. O-O O-O 11. Qd3 Be6 12. Kh2 Qa5 13. Bd2 Qa6 14.
Nb5 Rac8 15. b3 d5 16. cxd5 Nxd5 17. Bxd5 Bxd5 18. Rab1 Rfd8 19. a4 Bc6 20. Qe3 Bxb5 21. axb5 Qa2 22. Rbd1 Rc2 0-1

[Event "*** Titled Tuesday Blitz"]
[Site "Chess.com"]
[Date "2020.02.04"]
[Round "3"]
[White "Msb2"]
[Black "swayamsm"]
[Result "1-0"]
[WhiteElo "2855"]
[BlackElo "2508"]
[TimeControl "180+2"]
[EndTime "9:35:15 PST"]
[Termination "Msb2 won by resignation"]

1. d4 Nf6 2. c4 e6 3. Nc3 Bb4 4. e3 O-O 5. Bd2 b6 6. Bd3 Bb7 7. Nf3 d5 8. cxd5 exd5 9. O-O Nbd7 10. Rc1 a6 11. Ne5 Bd6 12. f4 c5 13. Qf3 Qe7 14. Qh3 Rad8 15. Be1 Ne4 16. Bh4 f6 17.
Nxe4 Bxe5 18. dxe5 dxe4 19. Bc4+ Kh8 20. Rcd1 b5 21.
Be6 Nb6 22. exf6 gxf6 23. Bf5 Nd5 24. Kh1 c4 25. Rd4 Nb6 26. Rxd8 Qxd8 27. Bxf6+ 1-0

[Event "*** Titled Tuesday Blitz"]
[Site "Chess.com"]
[Date "2020.02.04"]
[Round "3"]
[White "GMMatamoros"]
[Black "Tash_Boy"]
[Result "0-1"]
[WhiteElo "2418"]
[BlackElo "2677"]
[TimeControl "180+2"]
[EndTime "9:35:15 PST"]
[Termination "Tash_Boy won by resignation"]

1. Nf3 Nf6 2. g3 g6 3. Bg2 Bg7 4. O-O O-O 5. c4 d6 6. d4 Nc6 7. Nc3 e5 8. dxe5 dxe5 9. Bg5 Be6 10. Qa4 Qc8 11. Rfd1 Nd7 12. Nd5 Re8 13. Be3 Nd8 14. Ng5 Bf5 15. Ne4 h6 16. Rac1 Be6 17. Qa3 Kh7 18.
b4 f5 19. Nc5 Nxc5 20. bxc5 c6 21. Nb4 Nf7 22. h4 e4 23. Bd4 Ne5 24. Qc3 Qc7 25. f3 exf3 26. exf3 Nxc4 27. Bxg7 Qxg7 28. Rd6 Qxc3 29.
Rxc3 Nxd6 30. cxd6 Rad8 0-1